 Dungeon Crawl Stone Soup version 0.31-a0-840-g6d2ecbb638 (webtiles) character file.

Game seed: 4495337796912773282

336 Essalna the Digger (level 6, -7/35 HPs)
             Began as a Gargoyle Earth Elementalist on Sept 27, 2023.
             Killed from afar by Blork the orc (11 damage)
             ... with a magic dart
             ... on level 4 of the Dungeon.
             The game lasted 00:03:28 (3118 turns).

Essalna the Digger (Gargoyle Earth Elementalist)    Turns: 3118, Time: 00:03:28

Health: -7/35      AC:  7    Str: 11    XL:     6   Next: 54%
Magic:  5/11       EV: 11    Int: 18    God:
Gold:   124        SH:  0    Dex: 10    Spells: 8/12 levels left

rFire   . . .        c - +2 dagger (speed)
rCold   . . .        (no shield)
rNeg    + . .        a - +0 robe
rPois   ∞            q - +0 helmet of Hide-and-Seek {rElec}
rElec   +            (no cloak)
rCorr   .            (no gloves)
SInv    .            (no boots)
Will    .....        (no amulet)
Stlth   ++           (no ring)
HPRegen 0.25/turn    (no ring)
MPRegen 0.12/turn

%: no passive effects
@: no status effects
A: sickness immunity, AC +4, negative energy resistance 1, electricity
resistance, torment resistance 1, petrification resistance
a: no special abilities


You were on level 4 of the Dungeon.
You visited 1 branch of the dungeon, and saw 4 of its levels.

You collected 124 gold pieces.

Inventory:

Hand Weapons
 c - a +2 dagger of speed (weapon)
Armour
 a - a +0 robe (worn)
 q - the +0 helmet of Hide-and-Seek (worn) {rElec}
   (You found it on level 3 of the Dungeon)

   rElec:     It insulates you from electricity.
Jewellery
 h - a ring of fire
 i - a ring of fire
Wands
 r - a wand of polymorph (6)
Scrolls
 d - 6 scrolls of identify {unknown}
 e - a scroll of noise {unknown}
 g - a scroll of acquirement {unknown}
 j - a scroll of fog {unknown}
 l - a scroll of vulnerability {unknown}
 m - 2 scrolls of summoning {unknown}
 o - 2 scrolls of poison {unknown}
 s - a scroll of enchant armour {unknown}
Potions
 b - a potion of magic
 f - 3 potions of curing {unknown}
 k - a potion of brilliance {unknown}
 n - 3 potions of enlightenment {unknown}
 p - a potion of haste {unknown}
 t - a potion of heal wounds {unknown}


   Skills:
 + Level 2.0 Fighting
 - Level 1.5 Dodging
 - Level 2.1 Stealth
 + Level 3.7 Spellcasting
 + Level 2.0 Conjurations
 - Level 2.0 Transmutations
 + Level 5.7 Earth Magic


You had 8 spell levels left.
You knew the following spells:

 Your Spells              Type           Power      Damage    Failure   Level
a - Sandblast             Erth           48%        2d12      1%          1
b - Stone Arrow           Conj/Erth      34%        3d9       10%         3

Your spell library contained the following spells:

 Spells                   Type           Power      Damage    Failure   Level
 Passwall                 Tmut/Erth      14%        N/A       4%          2
 Lesser Beckoning         Tloc           6%         N/A       22%         2
 Brom's Barrelling Bould  Conj/Erth      17%        2d4       30%         4
 Petrify                  Tmut/Erth      17%        N/A       30%         4
 Gell's Gravitas          Tloc           3%         N/A       41%         3
 Teleport Other           Tloc           3%         N/A       41%         3


Dungeon Overview and Level Annotations

Branches:
Dungeon (4/15)
 Temple: D:4-7

Altars:
Dithmenos
Yredelemnul

Annotations:
D:4 Blork the orc


Innate Abilities, Weirdness & Mutations

You are immune to sickness and miasma.
Your stone body is resilient. (AC +4)
You are immune to poison.
You resist negative energy. (rN+)
You are resistant to electric shocks. (rElec)
You are resistant to unholy torment.
You are immune to petrification.


Message History

Blork the orc is moderately wounded.
Blork the orc casts a spell.
Blork the orc seems to speed up.
An iguana comes into view.
A hobgoblin comes into view.
The blast of sand misses Blork the orc.
The blast of sand misses Blork the orc.
Blork the orc gestures at you while chanting.
The puff of flame hits you.
Blork the orc hits you but does no damage.
The blast of sand misses Blork the orc.
The blast of sand hits the iguana but does no damage.
Blork the orc closely misses you. x2
The blast of sand hits Blork the orc!
Blork the orc is severely wounded.
Blork the orc barely misses you.
Blork the orc screams, "I'll break your arms!"
Blork the orc hits you but does no damage.
The blast of sand hits Blork the orc.
Blork the orc is almost dead.
Blork the orc points at you and mumbles some strange words.
The puff of flame hits you!
Blork the orc hits you with a +0 war axe.
A dart slug comes into view.
Blork the orc hits you with a +0 war axe.
You are too injured to fight recklessly!
You are too injured to fight recklessly!
Casting: Sandblast (safe; 1% risk of failure)
Confirm with . or Enter, or press ? or * to list all spells.
Aiming: Sandblast (safe; 1% risk of failure)
Press: ? - help, Shift-Dir - straight line, f/p - Blork the orc
Aim: Blork the orc, wielding a +0 war axe and wearing a +0 robe (severely wounded, fast, 85% to hit)
The blast of sand hits Blork the orc.
Blork the orc is almost dead.
Blork the orc hits you with a +0 war axe!
* * * LOW HITPOINT WARNING * * *
The hobgoblin hits you.
* * * LOW HITPOINT WARNING * * *
Blork the orc casts a spell at you. The magic dart hits you!
You die...

.... .# ### ... >....
#.. ..## #....# #.#
###... .....####.#
#..... ...........#
#....l ..........#
#....o###..#.......####
#....g@....#..........#
..........#.####.##.##.#
....#####.#....#....<#.#
... #.#.##.#†..#.#.# .
#.#'##.....#...#
#....###.#######
#...............
#........#######
#........#


You could see Blork the orc (fast), an iguana and a hobgoblin.

Vanquished Creatures
  2 scorpions (D:4)
  A hound (D:4)
  Jessica (D:2)
  Natasha (thrice) (D:2)
  3 adders
  A worm (D:2)
  2 dart slugs (D:1)
  5 endoplasms
  4 giant cockroaches
  6 goblins
  4 hobgoblins
  8 jackals
  4 quokkas
  6 ball pythons
  2 bats
  A frilled lizard (D:2)
  3 kobolds
  4 rats
60 creatures vanquished.

Notes
Turn   | Place    | Note
-------+----------+-------------------------------------------
     0 | D:1      | Essalna the Gargoyle Earth Elementalist began the quest for
                  | the Orb.
     0 | D:1      | Reached XP level 1. HP: 10/10 MP: 3/3
   106 | D:1      | Reached skill level 1 in Transmutations
   161 | D:1      | Reached XP level 2. HP: 15/15 MP: 0/5
   382 | D:1      | Reached skill level 4 in Earth Magic
   657 | D:1      | Reached XP level 3. HP: 16/19 MP: 1/6
  1159 | D:2      | Noticed Jessica
  1160 | D:2      | Killed Jessica
  1161 | D:2      | Reached XP level 4. HP: 24/24 MP: 5/8
  1222 | D:2      | Noticed Natasha
  1227 | D:2      | Killed Natasha
  1409 | D:2      | Noticed Natasha
  1413 | D:2      | Killed Natasha
  1414 | D:2      | Reached skill level 5 in Earth Magic
  1414 | D:2      | Reached XP level 5. HP: 21/28 MP: 3/9
  1425 | D:2      | Learned a level 3 spell: Stone Arrow
  1767 | D:2      | Noticed Natasha
  1769 | D:2      | Killed Natasha
  2130 | D:3      | Found a shadowy altar of Dithmenos.
  2303 | D:3      | Identified the +0 helmet of Hide-and-Seek {rElec}
  2330 | D:3      | Found a basalt altar of Yredelemnul.
  2712 | D:3      | Reached skill level 1 in Fighting
  2712 | D:3      | Reached skill level 1 in Conjurations
  3002 | D:4      | Reached XP level 6. HP: 20/35 MP: 4/11
  3109 | D:4      | Noticed Blork the orc
  3118 | D:4      | Killed from afar by Blork the orc

Illustrated notes

Levels and vault maps discovered:
D:1:      dpeg_arrival_chambers_temple_mockup, layout_basic,
          chequers_serial_rivers_small_a, minmay_close_crescents
D:2:      layout_loops_corners, minivault_4, corner_web_ring, uniq_natasha,
          uniq_jessica
D:3:      layout_basic, lemuel_doored_altar, mainiacjoe_overflow_alcove_1
D:4:      layout_basic, nicolae_sif_muna_condensation, grunt_tough_drop,
          uniq_blork_the_orc

Skill      XL: |  1  2  3  4  5  6 |
---------------+-------------------+-----
Transmutations | 1 2 |  2.0
Earth Magic    | 4 5 |  5.7
Spellcasting   | 3 |  3.7
Fighting       | 1 2 |  2.0
Conjurations   | 1 2 |  2.0
Dodging        | |  1.5
Stealth        | |  2.1

Action                     |  1- 3 |  4- 6 || total
---------------------------+-------+-------++-------
  Melee: Unarmed           |     8 |       ||     8
         Dagger            |    56 |       ||    56
         Punch             |     1 |       ||     1
   Cast: Sandblast         |    27 |    58 ||    85
   Stab: Sleeping          |     2 |       ||     2
 Armour: Robe              |    48 |    32 ||    80
  Dodge: Dodged            |    42 |    23 ||    65

Table legend: (Time is in decaauts)
 A = Elapsed time spent in this place.
 B = Non-inter-level travel time spent in this place.
 C = Inter-level travel time spent in this place.
 D = Time resting spent in this place.
 E = Time spent auto-exploring this place.
 F = Levels seen in this place.
 G = Mean time per level.
                   A        B        C        D        E       F      G
               +--------+--------+--------+--------+--------+-----+--------+
         Total |   3142 |   3004 |    138 |      0 |   2637 |   4 |  785.5 |
       Dungeon |   3142 |   3004 |    138 |      0 |   2637 |   4 |  785.5 |
               +--------+--------+--------+--------+--------+-----+--------+

Top non-repeatable levels by time:
     D:2: 1107 daAuts
     D:1: 990 daAuts
     D:3: 894 daAuts
     D:4: 150 daAuts
